 Dungeon Crawl Stone Soup version 0.29-a0-824-gd827844252 (webtiles) character file.

Game seed: 5862705336602780728

34764 Lekart the Cleaver (level 13, -11/114 HPs)
             Began as a Yellow Draconian Fighter on July 9, 2022.
             Was the Champion of Lugonu.
             Killed by refrigeration
             ... invoked by Fannar
              (18 damage)
             ... on level 11 of the Dungeon on July 10, 2022.
             The game lasted 00:35:39 (20102 turns).

Lekart the Cleaver (Yellow Draconian Fighter)      Turns: 20102, Time: 00:35:39

Health: -11/114    AC: 11    Str: 22 (24) XL:     13   Next: 44%
Magic:  8/21       EV: 17    Int:  8      God:    Lugonu [******]
Gold:   2019       SH: 10    Dex: 19 (20) Spells: 12/12 levels left

rFire   + . .      SeeInvis .   a - +8 war axe (distort)
rCold   . . .      Faith    +   b - +0 buckler
rNeg    . . .      Spirit   .   (body armour unavailable)
rPois   .          Reflect  .   G - +1 hat {Stlth+}
rElec   .          Harm     .   h - +0 cloak
rCorr   +          Rampage  .   (no gloves)
Will    +....                   g - +0 pair of boots
Stlth   +++.......              c - amulet of Qohiogoda {Faith Dex+3}
HPRegen 0.29/turn               E - ring of protection from fire
MPRegen 0.17/turn               k - +6 ring of dexterity

@: no status effects
A: spit acid, AC +8, unfitting armour, cold-blooded, acid resistance, large bone
plates 1, deterioration 1, strong-willed 1, evolution 1, MP-powered wands
a: Breathe Acid, Renounce Religion, Depart the Abyss, Bend Space, Banish,
Corrupt, Enter the Abyss


You were on level 11 of the Dungeon.
You worshipped Lugonu.
Lugonu was exalted by your worship.
You visited 3 branches of the dungeon, and saw 16 of its levels.

You collected 2109 gold pieces.
You spent 90 gold pieces at shops.

Inventory:

Hand Weapons
 a - a +8 war axe of distortion (weapon)
Missiles
 y - 7 atropa-tipped darts (quivered)
 A - a throwing net
 C - 8 javelins
Armour
 b - a +0 buckler (worn)
 g - a +0 pair of boots (worn)
 h - a +0 cloak (worn)
 l - a +2 hat
 G - a +1 hat of stealth (worn)
Jewellery
 c - the amulet of Qohiogoda (around neck) {Faith Dex+3}
   (You acquired it on level 5 of the Dungeon)

   [amulet of faith]

   It allows you to gain divine favour quickly.
   Dex:       It affects your dexterity (+3).
 e - an amulet of reflection
 k - a +6 ring of dexterity (right hand)
 m - an amulet of regeneration
 n - a +4 ring of protection
 u - a ring of willpower
 E - a ring of protection from fire (left hand)
 F - a +4 ring of evasion
Wands
 D - a wand of roots (2)
Scrolls
 j - 3 scrolls of vulnerability
 r - 2 scrolls of immolation
 s - 3 scrolls of identify
 t - 2 scrolls of teleportation
 z - 3 scrolls of enchant armour
 I - a scroll of enchant weapon
Potions
 d - 5 potions of curing
 f - 3 potions of brilliance
 i - 2 potions of invisibility
 o - 7 potions of flight
 p - a potion of might
 q - 2 potions of magic
 v - 4 potions of lignification
 w - a potion of resistance
 B - 5 potions of haste
 H - 2 potions of cancellation
Miscellaneous
 x - a phantom mirror


   Skills:
 + Level 10.6 Fighting
 + Level 14.6 Axes
 + Level 0.7 Throwing
 + Level 9.1 Dodging
 + Level 7.0 Shields
 * Level 11.7 Invocations
 + Level 3.3 Evocations


You had 12 spell levels left.
You didn't know any spells.
Your spell library contained the following spells:

 Spells                   Type           Power      Damage    Failure   Level
 Magic Dart               Conj           0%         1d3       50%         1
 Scorch                   Fire           0%         2d5       63%         2
 Searing Ray              Conj           0%         2d4       63%         2
 Static Discharge         Conj/Air       0%         3-3/arc   63%         2
 Dispel Undead            Necr           0%         3d6       99%         4
 Flame Wave               Conj/Fire      0%         2d4       99%         4
 Fulminant Prism          Conj/Hex       0%         3d6       99%         4
 Passage of Golubria      Tloc           0%         N/A       99%         4
 Sticky Flame             Conj/Fire      0%         2d3       99%         4
 Silence                  Hex/Air        0%         N/A       100%        5
 Summon Cactus Giant      Summ           0%         N/A       100%        6
 Lehudib's Crystal Spear  Conj/Erth      0%         10d2      100%        8


Dungeon Overview and Level Annotations

Branches:
Dungeon (11/15)            Temple (1/1) D:4            Lair (4/6) D:8
 Shoals (0/4) Lair:2       Spider (0/4) Lair:4
    Orc: D:9-12

Altars:
Ashenzari
Cheibriados
Dithmenos
Elyvilon
Fedhas
Gozag
Hepliaklqana
Kikubaaqudgha
Makhleb
Nemelex Xobeh
Okawaru
Qazlal
Ru
Sif Muna
Trog
Uskayaw
Vehumet
Wu Jian
Xom
Yredelemnul
Zin
The Shining One
Lugonu

Shops:
D:5 (   D:8 *

Annotations:
D:4 exclusion: 2 downstairs
D:7 exclusion: downstairs
D:9 exclusion: downstairs
D:11 Fannar
Lair:1 exclusion: downstairs
Lair:3 exclusion: downstairs
Lair:4 Rupert, Urug


Innate Abilities, Weirdness & Mutations

You can spit globs of acid.
Your golden yellow scales are hard. (AC +8)
You cannot fit into any form of body armour.
You are cold-blooded and may be slowed by cold attacks.
You are resistant to acid. (rCorr)
You are partially covered in large bone plates. (SH +4)
Your body sometimes deteriorates upon taking damage.
You are strong-willed. (Will+)
You have hidden genetic potential.
You expend magic power (3 MP) to strengthen your wands.


Message History

Press: ? - help, Shift-Dir - straight line, f/p - Fannar
Aim: Fannar, wielding a +0 quarterstaff of freezing, wearing a +1 robe of cold resistance and wearing a ring of ice (moderately wounded, chance to affect: 40%) Fannar resists with some effort.
Fannar hits you with a +0 quarterstaff of freezing.
Fannar freezes you.
Press: ? - help, Shift-Dir - straight line, f/p - Fannar
Aim: Fannar, wielding a +0 quarterstaff of freezing, wearing a +1 robe of cold resistance and wearing a ring of ice (moderately wounded, chance to affect: 40%) Fannar resists with some effort.
Fannar mumbles some strange words.
Fannar drains the heat from the surrounding environment!
* * * LOW HITPOINT WARNING * * *
You feel yourself slow down.
You feel better.
Fannar hits you with a +0 quarterstaff of freezing.
* * * LOW HITPOINT WARNING * * *
Fannar freezes you.
* * * LOW HITPOINT WARNING * * *
Fannar hits you with a +0 quarterstaff of freezing!
* * * LOW HITPOINT WARNING * * *
Fannar freezes you.
* * * LOW HITPOINT WARNING * * *
As you read the scroll of fear, it crumbles to dust.
You assume a fearsome visage.
Fannar looks frightened!
Fannar gestures wildly while chanting.
Fannar blinks!
Fannar casts a spell.
Fannar blinks!
Fannar gestures wildly while chanting.
Fannar blinks!
Things that are here:
a +0 hand axe; a +0 leather armour You feel yourself speed up.
Fannar casts a spell.
Fannar blinks!
Fannar mumbles some strange words.
Fannar blinks!
Okay, then.
Fannar gestures wildly while chanting.
Fannar drains the heat from the surrounding environment!
You die...

....##....#### #.##
....#..#### #####e###
....#.## ##.......#
......# #.e###...# ....###
#.## #....... ..[...###
#.# #.##.### ....#...#####
#.# #.# ...
....###..[..####.# #.#
#..... ....#
#####.....@####.# #....#
##### #...........#..#
#....# #.........#...##
#.)..# #.........#...#
#....# #.........#.#.#
#....#
#.........#.#.####....####
#########.................
###[##............
#..######.#######


You could see Fannar.

Vanquished Creatures
  Gastronok (Lair:2)
  Harold (Lair:1)
  A hydra (Lair:3)
  2 death yaks (Lair:3)
  A two-headed ogre (D:10)
  A manticore (Lair:2)
  3 elephants (Lair:3)
  An unseen horror (D:11)
  2 torpor snails (Lair:3)
  11 cane toads
  2 kobold demonologists (D:9)
  5 komodo dragons
  2 ice devils
  A meliai (D:11)
  A wind drake (Lair:2)
  2 hornets
  3 trolls
  Prince Ribbit (D:5)
  5 blink frogs
  A shadow (D:9)
  Sigmund (D:3)
  A wraith (D:10)
  2 wyverns
  66 yaks
  3 vampire mosquitoes (D:11)
  10 water moccasins
  6 orc warriors
  An ice beast (D:7)
  A sky beast (D:7)
  2 ogres
  3 black bears (D:6)
  18 wolves
  4 centaurs
  3 kobold brigands
  12 bullfrogs
  A gnoll sergeant (D:7)
  2 necrophages (D:6)
  10 wights
  15 killer bees
  3 electric eels (D:8)
  4 howler monkeys
  8 hounds
  6 orc priests
  A jelly (D:6)
  2 gnoll boudas
  An orc wizard (D:8)
  4 iguanas
  6 hell rats (Lair:3)
  11 gnolls
  10 river rats
  15 adders
  2 shadow imps
  A white imp (D:6)
  2 ufetubi
  A worm (D:5)
  3 dart slugs
  40 orcs
  4 ball pythons
  6 endoplasms
  3 giant cockroaches
  11 goblins
  5 hobgoblins
  A jackal (D:2)
  4 quokkas
  8 bats
  6 frilled lizards
  23 kobolds
  11 rats
410 creatures vanquished.

Vanquished Creatures (others)
  A bush (Lair:2)
  43 fungi
  73 plants
117 creatures vanquished.

Grand Total: 527 creatures vanquished

Notes
Turn   | Place    | Note
-------+----------+-------------------------------------------
     0 | D:1      | Lekart the Draconian Fighter began the quest for the Orb.
     0 | D:1      | Reached XP level 1. HP: 19/19 MP: 1/1
   126 | D:1      | Reached XP level 2. HP: 26/26 MP: 2/2
   469 | D:1      | Reached XP level 3. HP: 25/31 MP: 3/3
  1118 | D:2      | Reached skill level 3 in Axes
  1118 | D:2      | Reached XP level 4. HP: 10/40 MP: 4/4
  1921 | D:2      | Found a faded altar of an unknown god.
  2290 | D:2      | Prayed at the altar of an unknown god.
  2290 | D:2      | Became a worshipper of Lugonu the Unformed
  2290 | D:2      | Reached * piety under Lugonu
  2290 | D:2      | Reached ** piety under Lugonu
  2376 | D:3      | Noticed Sigmund
  2394 | D:3      | Killed Sigmund
  2395 | D:3      | Reached skill level 4 in Axes
  2395 | D:3      | Reached skill level 1 in Invocations
  2395 | D:3      | Reached XP level 5. HP: 32/47 MP: 4/6
  2686 | D:3      | Found a shimmering altar of Xom.
  3218 | D:4      | Reached XP level 6. HP: 46/53 MP: 7/7
  3507 | D:4      | You fall into a shaft and drop 1 floor!
  3507 | D:5      | Entered Level 5 of the Dungeon
  3577 | D:4      | Found a staircase to the Ecumenical Temple.
  3601 | Temple   | Entered the Ecumenical Temple
  3966 | D:5      | Noticed Prince Ribbit
  4108 | D:5      | Identified a scroll of acquirement
  4108 | D:5      | Acquired the amulet of Qohiogoda {Faith Dex+3}
  4397 | D:5      | Found Ungues's Weapon Shoppe.
  5464 | D:5      | Your scales start taking on a golden yellow colour.
  5464 | D:5      | Reached XP level 7. HP: 23/60 MP: 8/8
  5464 | D:5      | Gained mutation: You are resistant to acid. (rCorr) [Yellow
                  | Draconian growth]
  5775 | D:5      | Reached skill level 5 in Axes
  5889 | D:5      | Killed Prince Ribbit
  5890 | D:5      | Reached skill level 5 in Fighting
  6276 | D:6      | Reached *** piety under Lugonu
  6604 | D:6      | Reached skill level 6 in Axes
  6604 | D:6      | Reached XP level 8. HP: 67/68 MP: 10/10
  6908 | D:6      | Reached skill level 5 in Dodging
  7080 | D:6      | Reached skill level 7 in Axes
  7564 | D:6      | Gained mutation: Your flesh is heat resistant. (rF+)
                  | [potion of mutation]
  7565 | D:6      | Lost mutation: Your flesh is heat resistant. (rF+) [potion
                  | of mutation]
  7565 | D:6      | Gained mutation: You occasionally shout uncontrollably at
                  | your foes. [potion of mutation]
  7565 | D:6      | Gained mutation: You are strong-willed. (Will+) [potion of
                  | mutation]
  7565 | D:6      | Gained mutation: You are frail. (-10% HP) [potion of
                  | mutation]
  7875 | D:7      | Reached skill level 5 in Invocations
  7964 | D:7      | Found a stormy altar of Qazlal.
  8182 | D:7      | Reached XP level 9. HP: 61/67 MP: 12/12
  8838 | D:8      | Noticed a troll
  8849 | D:8      | Reached **** piety under Lugonu
  8860 | D:7      | Reached skill level 8 in Axes
  8948 | D:8      | Found a staircase to the Lair.
  9162 | D:8      | Found Zin's Purification Station.
  9167 | D:8      | Found a glowing silver altar of Zin.
  9172 | D:8      | Bought a potion of curing for 90 gold pieces
  9935 | D:8      | Reached XP level 10. HP: 77/77 MP: 14/14
  9973 | D:8      | Reached skill level 9 in Axes
 10605 | D:8      | Reached skill level 5 in Shields
 10834 | D:8      | Found Mulatufa's CLEARANCE SALE!.
 11037 | D:9      | Found an ornate altar of the Wu Jian Council.
 11099 | D:9      | Reached ***** piety under Lugonu
 11369 | D:9      | Reached skill level 10 in Axes
 11768 | D:9      | Reached skill level 1 in Evocations
 12644 | D:10     | Entered Level 10 of the Dungeon
 12644 | D:10     | Noticed a two-headed ogre
 12654 | D:9      | Noticed a sun demon
 12714 | D:9      | Reached XP level 11. HP: 74/84 MP: 16/16
 13149 | D:11     | Reached skill level 11 in Axes
 13465 | Lair:1   | Entered Level 1 of the Lair of Beasts
 14366 | Lair:1   | Reached skill level 12 in Axes
 14904 | Lair:2   | Noticed Harold
 15003 | Lair:2   | Reached ****** piety under Lugonu
 15167 | Lair:1   | Killed Harold
 15168 | Lair:1   | Reached XP level 12. HP: 73/93 MP: 18/18
 15617 | Lair:2   | Found a staircase to the Shoals.
 15986 | Lair:2   | Noticed Gastronok
 16003 | Lair:2   | Killed Gastronok
 16243 | Lair:2   | Acquired 1252 gold pieces
 16835 | Lair:2   | Reached skill level 13 in Axes
 17066 | Lair:2   | Identified a +8 war axe of distortion (a +6 spectral war
                  | axe corrupted by Lugonu)
 17066 | Lair:2   | Received a gift from Lugonu
 17219 | Lair:3   | Reached skill level 10 in Invocations
 17235 | Lair:3   | Noticed a death yak
 17507 | Lair:3   | Reached skill level 10 in Fighting
 17908 | Lair:3   | Noticed a four-headed hydra
 17923 | Lair:3   | Killed an eight-headed hydra
 17924 | Lair:3   | Reached skill level 14 in Axes
 17926 | Lair:3   | Reached XP level 13. HP: 61/101 MP: 19/21
 18415 | Lair:3   | Found a blossoming altar of Fedhas.
 18878 | Lair:4   | Noticed Rupert
 18963 | Lair:4   | Found a hole to the Spider Nest.
 18975 | Lair:4   | Noticed Urug
 19635 | D:10     | Lost mutation: You are frail. (-10% HP) [potion of
                  | mutation]
 19635 | D:10     | Lost mutation: You occasionally shout uncontrollably at
                  | your foes. [potion of mutation]
 19635 | D:10     | Gained mutation: Your body sometimes deteriorates upon
                  | taking damage. [potion of mutation]
 19635 | D:10     | Gained mutation: You expend magic power (3 MP) to
                  | strengthen your wands. [potion of mutation]
 19635 | D:10     | Gained mutation: You are partially covered in large bone
                  | plates. (SH +4) [potion of mutation]
 19635 | D:10     | Gained mutation: You have hidden genetic potential. [potion
                  | of mutation]
 19746 | D:10     | Found an opulent altar of Gozag.
 19746 | D:10     | Found a burning altar of Makhleb.
 19753 | D:10     | Found an ancient bone altar of Kikubaaqudgha.
 19757 | D:10     | Found a faded altar of an unknown god.
 19765 | D:10     | Found a radiant altar of Vehumet.
 20075 | D:11     | Noticed Fannar
 20089 | D:11     | HP: 5/114 [Fannar/+0 quarterstaff of freezing (8)]
 20102 | D:11     | Killed from afar by Fannar

Illustrated notes

Levels and vault maps discovered:
D:1:      erik_arrival_cave_to_civilisation [erik_arrival_cave_to_hall],
          layout_rooms, minmay_distorted
D:2:      layout_basic, hellmonk_ecumenical_altar_inner_sanctum,
          minmay_misc_feat_tiny, st_stairs_4, minmay_tall_x
D:3:      layout_basic, xom_teletrap_fun, minmay_misc_feat_diagonals,
          uniq_sigmund
D:4:      layout_basic, minmay_temple_entry_poolview, serial_curves,
          eino_curves_03, eino_curves_01, eino_curves_02, eino_curves_03
D:5:      layout_basic, serial_shops, nicolae_shop_bloodbath_and_beyond,
          uniq_prince_ribbit1
D:6:      minmay_bubble_buster, layout_basic, st_stairs_6
D:7:      layout_gridville, nicolae_qazlal_general_emergency
D:8:      layout_loops_ring, zin_purify, erik_lair_island,
          nicolae_concentric_dashed_squares_wild, nicolae_shop_clearance
D:9:      layout_basic, mainiacjoe_overflow_24_doors, enter_bailey_3,
          special_room [special_room_orc]
D:10:     layout_cross, chequers_temple_overflow_minitemple
D:11:     layout_rooms, uniq_fannar, uniq_grum
Temple:   minmay_temple_curvy_branch
Lair:1:   layout_misc_corridors, chequers_serial_rivers_micro_a,
          nicolae_quartered_pool_super
Lair:2:   layout_cave_shapes, minmay_shoals_entry_beasts, minivault_19,
          serial_bayou_shore_b, uniq_harold, uniq_gastronok
Lair:3:   minmay_lair_venomous_thicket, layout_regular_city, basic_altar,
          portal_ice_cave_demonic_guard, kennysheep_rathole,
          infiniplex_staircase_pool, grunt_megastairs_4
Lair:4:   layout_loops_ring, hellmonk_spider_entry_not_the_bees,
          grunt_megastairs_2, infiniplex_staircase_pool_2, uniq_urug,
          uniq_rupert

Skill      XL: |  1  2  3  4  5  6  7  8  9 10 11 12 13 |
---------------+----------------------------------------+-----
Dodging        | 3 4 5 6 7 8 9 |  9.1
Axes           | 3 4 6 7 8 10 12 14 | 14.6
Fighting       | 4 5 6 7 8 9 10 | 10.6
Invocations    | 1 2 3 5 6 7 9 10 11 | 11.7
Shields        | 4 5 6 7 |  7.0
Evocations     | 1 2 3 |  3.3
Throwing       | |  0.7

Action                   |  1- 3 |  4- 6 |  7- 9 | 10-12 | 13-15 || total
-------------------------+-------+-------+-------+-------+-------++-------
Melee: War axe           |    96 |   141 |   258 |   417 |   127 ||  1039
       Tailslap          |     1 |    17 |    37 |    67 |    17 ||   139
Throw: Javelin           |       |    10 |       |       |       ||    10
       Dart              |       |     3 |       |       |       ||     3
       Throwing net      |       |       |     1 |       |       ||     1
Invok: Bend Space        |       |       |       |     1 |     2 ||     3
       Banish            |       |       |       |     2 |     8 ||    10
       Brand Weapon With |       |       |       |     1 |       ||     1
 Abil: Breathe Acid      |       |       |     8 |     3 |     1 ||    12
Evoke: Wand              |       |       |     6 |    30 |    15 ||    51
  Use: Potion            |       |     1 |     7 |     1 |     3 ||    12
       Scroll            |       |     2 |    19 |    10 |     1 ||    32
 Stab: Sleeping          |     1 |     2 |     1 |       |     1 ||     5
       Distracted        |       |       |     1 |     6 |       ||     7
Armor: Skin              |    31 |    56 |    79 |    75 |    13 ||   254
Dodge: Dodged            |    60 |   130 |   203 |   304 |    75 ||   772
Block: Buckler           |    22 |    55 |    71 |   131 |    31 ||   310

Table legend: (Time is in decaauts)
 A = Elapsed time spent in this place.
 B = Non-inter-level travel time spent in this place.
 C = Inter-level travel time spent in this place.
 D = Time resting spent in this place.
 E = Time spent auto-exploring this place.
 F = Levels seen in this place.
 G = Mean time per level.
                   A        B        C        D        E       F      G
               +--------+--------+--------+--------+--------+-----+--------+
         Total |  20274 |  19103 |   1171 |   6332 |   9600 |  16 | 1267.1 |
       Dungeon |  14211 |  13278 |    933 |   3981 |   7140 |  11 | 1291.9 |
        Temple |    255 |    255 |      0 |      0 |    246 |   1 |  255.0 |
          Lair |   5807 |   5569 |    238 |   2351 |   2213 |   4 | 1451.8 |
               +--------+--------+--------+--------+--------+-----+--------+

Top non-repeatable levels by time:
     D:9: 2350 daAuts
  Lair:2: 2078 daAuts
  Lair:3: 1866 daAuts
  Lair:1: 1831 daAuts
     D:7: 1776 daAuts
     D:6: 1721 daAuts
     D:4: 1559 daAuts
     D:8: 1477 daAuts
     D:5: 1328 daAuts
     D:2: 1280 daAuts
     D:1: 1130 daAuts
     D:3: 861 daAuts
    D:10: 471 daAuts
  Temple: 255 daAuts
    D:11: 253 daAuts
